 Dungeon Crawl Stone Soup version 0.24-a0-618-ge4662a2 (webtiles) character file.

Game seed: 12081056024579694706, levelgen mode: deterministic

35 BoppinsLewinski the Charmwright (level 3, -3/29 HPs)
             Began as a Demigod Wanderer on Sept 16, 2019.
             Killed from afar by Sigmund (7 damage)
             ... with a magic dart
             ... on level 2 of the Dungeon.
             The game lasted 00:04:09 (1682 turns).

BoppinsLewinski the Charmwright (Demigod Wanderer)  Turns: 1682, Time: 00:04:10

Health: -3/29      AC:  3    Str: 19    XL:     3   Next: 2%
Magic:  6/6        EV: 12    Int: 15    God:
Gold:   18         SH:  0    Dex: 14    Spells: 3/4 levels left

rFire    + . .     SeeInvis .   a - +0 club
rCold    + . .     Gourm    .   (no shield)
rNeg     . . .     Faith    .   c - +0 robe
rPois    +         Spirit   .   b - +0 helmet
rElec    +         Reflect  .   (no cloak)
rCorr    +         Harm     .   (no gloves)
MR       .....                  (no boots)
Stlth    +.........             (no amulet)
HPRegen  0.09/turn              (no ring)
MPRegen  0.10/turn              (no ring)

@: confused, resistant, hasted, very quick
A: high mp 1
a: no special abilities


You were on level 2 of the Dungeon.
You were very hungry.

You visited 1 branch of the dungeon, and saw 2 of its levels.

You collected 18 gold pieces.

Inventory:

Hand Weapons
 a - a +0 club (weapon)
Armour
 b - a +0 helmet (worn)
 c - a +0 robe (worn)
Wands
 d - a wand of paralysis (15)
Scrolls
 g - 2 scrolls of enchant weapon {unknown}
 h - 3 scrolls of enchant armour {unknown}
 i - a scroll of teleportation {unknown}
 j - a scroll of fear {unknown}
Comestibles
 f - 4 rations


   Skills:
 + Level 2.1 Fighting
   Level 1.0(1.1) Axes
 - Level 0.7(1.0) Maces & Flails
 - Level 1.0 Throwing
 + Level 1.0 Armour
 + Level 0.9 Dodging
 - Level 1.0 Spellcasting
   Level 2.6 Charms
 - Level 1.0 Transmutations
 + Level 1.5 Evocations


You had 3 spell levels left.
You knew the following spells:

 Your Spells              Type           Power        Failure   Level  Hunger
a - Beastly Appendage     Tmut           #.....       16%         1    ##.....

Your spell library contained the following spells:

 Spells                   Type           Power        Failure   Level  Hunger
 Spider Form              Tmut/Pois      #.........   52%         3    ####...


Dungeon Overview and Level Annotations

Branches:
Dungeon (2/15)

Annotations:
D:2 Sigmund


Innate Abilities, Weirdness & Mutations

You have an increased reservoir of magic. (+10% MP)


Message History

Ye ar'n't carryin' any potions.
Ye hear some strange, mumbled words.
Ye be confused.
Yer too confused ta attack without stumblin' around!
Yer too confused ta attack without stumblin' around!
Yer too confused ta attack without stumblin' around!
Yer too confused ta attack without stumblin' around!
Yer too confused ta attack without stumblin' around!
Ye bump inta tha rock wall.
Somethin' hits ye.
* * * LOW HITPOINT WARNIN'
* * * Ye bump inta tha rock wall.
Ye bump inta tha rock wall.
Ye bump inta tha rock wall.
Ye hear some strange, mumbled words.
Ye be more confused.
Ye miss somethin'.
Ye hear some strange, mumbled words.
A magic dart appears from outta thin air!
Tha magic dart hits ye!
Ye die...

### ###.# # #..
..#.#####
#.##.######.......#
#.....@{.##.......
####.###.##.....#
#.# ......#
#.######...#
#..........#
#########..###.#
#......# ##.#####
#.#


There were no monsters in sight!

Vanquished Creatures
  An adder (D:2)
  A dart slug (D:2)
  A leopard gecko (D:2)
  2 giant cockroaches
  2 goblins
  4 hobgoblins
  4 kobolds (D:1)
  A ball python (D:1)
  2 bats (D:1)
  3 frilled lizards (D:1)
  3 rats (D:1)
24 creatures vanquished.

Notes
Turn   | Place    | Note
-------+----------+-------------------------------------------
     0 | D:1      | BoppinsLewinski the Demigod Wanderer began the quest for
                  | the Orb.
     0 | D:1      | BoppinsLewinski set off with the following items: a +0
                  | club, a +0 robe, a wand of paralysis (15), a ration; and
                  | the following spell memorised: Beastly Appendage; and the
                  | following spells available to memorise: Spider Form
     0 | D:1      | Reached XP level 1. HP: 17/17 MP: 4/4
   765 | D:1      | Reached XP level 2. HP: 12/24 MP: 5/5
  1667 | D:2      | Noticed Sigmund
  1676 | D:2      | Reached skill level 1 in Armour
  1676 | D:2      | Reached XP level 3. HP: 7/29 MP: 6/6
  1682 | D:2      | Killed from afar by Sigmund

Levels and vault maps discovered:
D:1:      dpeg_arrival_three_same_balls, layout_basic, serial_rivers,
          chequers_serial_rivers_small_a, chequers_serial_rivers_micro_e,
          chequers_serial_rivers_room_a, chequers_serial_rivers_micro_d,
          chequers_serial_rivers_micro_b, chequers_serial_rivers_marsh
D:2:      layout_loops_corners, uniq_sigmund

Skill      XL: |  1  2 |
---------------+-------+-----
Fighting       | 2 |  2.1
Armour         | 1 |  1.0
Axes           | |  1.0
Maces & Flails | |  0.7
Throwing       | |  1.0
Dodging        | |  0.9
Spellcasting   | |  1.0
Charms         | |  2.6
Transmutations | |  1.0
Evocations     | |  1.5

Action                   || total
-------------------------++-------
Melee: Club              ||   101
  Use: Potion            ||     2
 Stab: Sleeping          ||     1
  Eat: Chunk             ||     1
Armor: Robe              ||    31
Dodge: Dodged            ||    60

Table legend:
 A = Non-vault XP
 B = Vault XP
 C = Vault XP percentage of total XP
 D = Non-vault monster count
 E = Vault monster count
 F = Vault count percentage of total count
                 A         B        C        D         E       F
            +---------+---------+-------+---------+---------+-------
      Total |      50 |       0 |   0.0 |      24 |       0 |   0.0
            +---------+---------+-------+---------+---------+-------
        D:1 |      24 |       0 |   0.0 |      18 |       0 |   0.0
        D:2 |      26 |       0 |   0.0 |       6 |       0 |   0.0
            +---------+---------+-------+---------+---------+-------
